 Dungeon Crawl Stone Soup version 0.23.2-40-g277498a001 (webtiles) character file.

Game seed: 11404586961244607660

249 Exodus22XD the Covered (level 5, 0/46 HPs)
             Began as a Minotaur Fighter on Aug 31, 2019.
             Killed from afar by an orc wizard (7 damage)
             ... with a magic dart
             ... on level 4 of the Dungeon.
             The game lasted 00:02:55 (1457 turns).

Exodus22XD the Covered (Minotaur Fighter)           Turns: 1457, Time: 00:02:58

Health: 0/46       AC:  8    Str: 21    XL:     5   Next: 86%
Magic:  4/4        EV:  8    Int:  5    God:
Gold:   106        SH:  9    Dex: 10    Spells: 4/4 levels left

rFire    . . .     SeeInvis .   a - +0 war axe
rCold    . . .     Gourm    .   c - +0 shield
rNeg     . . .     Faith    .   b - +0 scale mail
rPois    .         Spirit   .   (helmet restricted)
rElec    .         Reflect  .   (no cloak)
rCorr    .         Harm     .   (no gloves)
MR       +....                  (no boots)
Stlth    ..........             (no amulet)
HPRegen  0.15/turn              e - +1 ring of protection
MPRegen  0.09/turn              n - ring of protection from magic

@: no status effects
A: retaliatory headbutt, horns 2
a: no special abilities


You were on level 4 of the Dungeon.
You were not hungry.

You visited 1 branch of the dungeon, and saw 4 of its levels.

You collected 106 gold pieces.

Inventory:

Hand Weapons
 a - a +0 war axe (weapon)
Armour
 b - a +0 scale mail (worn)
 c - a +0 shield (worn)
Jewellery
 e - a +1 ring of protection (left hand)
 n - a ring of protection from magic (right hand)
Scrolls
 g - a scroll of magic mapping {unknown}
 h - a scroll of fear {unknown}
 i - 3 scrolls of identify {unknown}
 k - 2 scrolls of fog {unknown}
 m - 3 scrolls of enchant weapon {unknown}
 o - a scroll of remove curse {unknown}
Potions
 d - a potion of might
 j - 3 potions of magic {unknown}
 l - a potion of berserk rage {unknown}
 q - a potion of flight {unknown}
Comestibles
 f - 7 rations
 p - 4 chunks of flesh


   Skills:
 + Level 4.1 Fighting
 + Level 5.0 Axes
 + Level 5.2 Armour
 + Level 0.8 Dodging
 + Level 4.9 Shields


You had 4 spell levels left.
You didn't know any spells.
Your spell library was empty.

Dungeon Overview and Level Annotations

Branches:
Dungeon (3/15)

Altars:


Innate Abilities, Weirdness & Mutations

You reflexively headbutt those who attack you in melee.
You have a pair of horns on your head.


Message History

The orc wizard casts a spell.
The orc wizard seems to speed up.
The orc priest hits you but does no damage.
You barely miss the ogre. You headbutt the ogre!
The ogre is almost dead.
You barely miss the orc. You closely miss the orc priest.
The orc priest hits you but does no damage.
You block the orc's attack.
The ogre hits you with a +0 giant spiked club!!
Ouch! That really hurt!
* * * LOW HITPOINT WARNING * * *
The orc priest closely misses you.
You barely miss the ogre.
The ogre is almost dead.
You slash the orc!
You kill the orc!
You hit the orc priest. You hit the orc. You block the orc's attack.
The orc wizard gestures at you while chanting.
The magic dart hits you!
You die...

#........#
#........#
#........#
#o.......#
#........#
#..o.....#
#o)o.....#
#####.@O.....#
#......)......
#.....#####...
#.....# .
#.....#
#.....#
#######


You could see an ogre, an orc priest, an orc wizard and 2 orcs.

Vanquished Creatures
  Sigmund (D:2)
  An orc wizard (D:4)
  2 adders (D:2)
  A worm (D:2)
  A leopard gecko (D:1)
  4 orcs
  2 bats (D:1)
  A giant cockroach (D:2)
  6 goblins
  6 hobgoblins
  8 jackals (D:1)
  A frilled lizard (D:2)
  A kobold (D:1)
  5 rats
40 creatures vanquished.

Notes
Turn   | Place    | Note
-------+----------+-------------------------------------------
     0 | D:1      | Exodus22XD the Minotaur Fighter began the quest for the
                  | Orb.
     0 | D:1      | Reached XP level 1. HP: 19/19 MP: 0/0
   139 | D:1      | Reached XP level 2. HP: 21/27 MP: 1/1
   949 | D:2      | Reached XP level 3. HP: 33/33 MP: 2/2
  1029 | D:2      | Noticed Sigmund
  1039 | D:2      | Killed Sigmund
  1039 | D:2      | Reached skill level 5 in Armour
  1039 | D:2      | Reached XP level 4. HP: 33/40 MP: 3/3
  1039 | D:2      | Reached XP level 5. HP: 38/46 MP: 4/4
  1448 | D:3      | You fall through a shaft!
  1448 | D:4      | Noticed an ogre
  1453 | D:4      | Reached skill level 5 in Axes
  1457 | D:4      | Killed from afar by an orc wizard

Skill      XL: |  1  2  3  4  5 |
---------------+----------------+-----
Armour         | 4 5 |  5.2
Shields        | 4 |  4.9
Axes           | 3 4 5 |  5.0
Fighting       | 4 |  4.1
Dodging        | |  0.8

Action                   |  1- 3 |  4- 6 || total
-------------------------+-------+-------++-------
Melee: War axe           |    77 |    39 ||   116
       Headbutt          |     8 |     5 ||    13
  Eat: Chunk             |       |     2 ||     2
Armor: Scale mail        |    40 |    15 ||    55
Dodge: Dodged            |    19 |     7 ||    26
Block: Shield            |    42 |    15 ||    57
